 Dungeon Crawl Stone Soup version 0.25.1-2-g60ff931 (webtiles) character file.

Game seed: 9359163364255185214

19518 Daunt the Fighter (level 12, -4/80 HPs)
             Began as a Gargoyle Necromancer on Aug 22, 2020.
             Was a High Priest of Kikubaaqudgha.
             Slain by Frances
             ... wielding a +0 long sword
              (12 damage)
             ... on level 13 of the Dungeon on Aug 28, 2020.
             The game lasted 02:49:31 (20237 turns).

Daunt the Fighter (Gargoyle Necromancer)           Turns: 20237, Time: 02:49:31

Health: -4/80      AC: 18    Str: 16    XL:     12   Next: 69%
Magic:  7/22       EV: 13    Int: 23    God:    Kikubaaqudgha [*****.]
Gold:   1840       SH:  0    Dex: 10    Spells: 4/24 levels left

rFire    . . .     SeeInvis +   a - +4 hand axe (elec) {don't train}
rCold    . . .     Gourm    .   (no shield)
rNeg     + . .     Faith    +   z - +0 robe {*no*}
rPois    ∞         Spirit   .   n - +1 hat {Int+3}
rElec    +         Reflect  .   s - +0 cloak of Broken Taboos {rElec rPois Str+3 SInv, *no*}
rCorr    .         Harm     .   H - +1 pair of gloves {archery} {*no*}
MR       +....                  (no boots)
Stlth    ++++......             B - amulet of faith
HPRegen  0.23/turn              l - ring of protection from magic
MPRegen  0.18/turn              F - +4 ring of protection

@: marked, hasted, very quick
A: negative energy resistance 1, electricity resistance, unbreathing,
petrification resistance, rot immunity, AC +8
a: Receive Corpses, Torment, Renounce Religion


You were on level 13 of the Dungeon.
You worshipped Kikubaaqudgha.
Kikubaaqudgha was extremely pleased with you.
You were not hungry.

You visited 2 branches of the dungeon, and saw 14 of its levels.
You also visited: Bailey and Ice Cave.

You collected 2042 gold pieces.
You spent 202 gold pieces at shops.

Inventory:

Hand Weapons
 a - a +4 hand axe of electrocution (weapon) {don't train}
 b - a +0 hunting sling {don't train}
 h - a +2 mace of holy wrath {don't train}
 L - a +0 scimitar of flaming {don't train}
Missiles
 d - 257 arrows
 g - 269 stones {don't train}
 o - 36 poisoned darts {don't train}
 r - 6 boomerangs (quivered) {don't train}
 y - 9 curare-tipped darts {don't train}
 A - 168 bolts
 S - 21 sling bullets {don't train}
Armour
 n - a +1 hat of intelligence (worn)
 s - the +0 cloak of Broken Taboos (worn) {rElec rPois Str+3 SInv, *no*}
   (You found it on level 6 of the Dungeon)

   It affects your strength (+3).
   It insulates you from electricity.
   It protects you from poison.
   It lets you see invisible.
 z - a +0 robe (worn) {*no*}
 H - a +1 pair of gloves of archery (worn) {*no*}
Jewellery
 l - a ring of protection from magic (left hand)
 v - the amulet "Nulytol" {Reflect *Contam rN+++ MR+++ Dex+4 SH+5, unknown}
   (You found it in a bailey)

   [amulet of reflection]

   It shields you and reflects attacks.
   It affects your dexterity (+4).
   It renders you almost immune to negative energy.
   It affects your resistance to hostile enchantments.
   It causes magical contamination when unequipped.
   It affects your SH (+5).
 B - an amulet of faith (around neck)
 F - a +4 ring of protection (right hand)
 K - an uncursed ring of see invisible
Wands
 t - a wand of polymorph (12)
 Q - a wand of random effects (16)
 V - a wand of flame (13)
Scrolls
 f - a scroll of torment {unknown}
 j - 6 scrolls of teleportation
 m - 4 scrolls of remove curse
 p - 6 scrolls of amnesia
 q - a scroll of noise {unknown}
 w - a scroll of magic mapping
 I - a scroll of blinking {unknown}
 M - a scroll of enchant armour {unknown}
 O - a scroll of immolation {unknown}
 P - a scroll of vulnerability {unknown}
Potions
 e - 5 potions of curing
 k - 3 potions of cancellation
 u - 2 potions of brilliance
 x - a potion of heal wounds
 C - a potion of stabbing
 D - 2 potions of mutation
 E - a potion of resistance
 G - 2 potions of haste
 J - a potion of flight {unknown}
 R - a potion of invisibility
 T - a potion of might
 U - 2 potions of ambrosia
Miscellaneous
 N - a tin of tremorstones (3/3) {don't train}
Comestibles
 c - 14 rations


   Skills:
 + Level 11.6 Fighting
 - Level 4.0 Dodging
 - Level 8.0 Stealth
 + Level 6.8 Spellcasting
 - Level 11.3 Necromancy
 + Level 5.2 Evocations


You had 4 spell levels left.
You knew the following spells:

 Your Spells              Type           Power        Failure   Level  Hunger
a - Pain                  Necr           ####         1%          1    None
b - Agony                 Necr           ######..     1%          5    #####..
d - Animate Dead          Necr           N/A          1%          4    ###....
r - Corpse Rot            Necr/Air       N/A          1%          2    None
u - Dispel Undead         Necr           ######..     1%          4    ###....
v - Vampiric Draining     Necr           ######....   1%          3    None
z - Animate Skeleton      Necr           N/A          1%          1    None

Your spell library contained the following spells:

 Spells                   Type           Power        Failure   Level  Hunger
 Corona                   Hex            #......      8%          1    None
 Summon Small Mammal      Summ           #...         8%          1    None
 Call Imp                 Summ           #.......     12%         2    None
 Ensorcelled Hibernation  Hex/Ice        #.....       12%         2    None
 Call Canine Familiar     Summ           #.......     24%         3    None
 Confusing Touch          Hex            #.......     24%         3    None
 Dazzling Flash           Conj/Hex       #.....       24%         3    None
 Summon Guardian Golem    Hex/Summ       #.......     24%         3    None
 Tukima's Dance           Hex            #.......     24%         3    None
 Summon Ice Beast         Ice/Summ       #.......     61%         4    ###....
 Summon Lightning Spire   Summ/Air       #.......     61%         4    ###....
 Excruciating Wounds      Chrm/Necr      ####......   22%         5    #####..
 Simulacrum               Ice/Necr       ####......   75%         6    ######.


Dungeon Overview and Level Annotations

Branches:
Dungeon (13/15)            Temple (1/1) D:6            Lair (0/6) D:11
    Orc (0/2) D:9          Bailey (visited)           IceCv (visited)
 Vaults: D:13-14

Altars:
Ashenzari
Cheibriados
Elyvilon
Fedhas
Gozag
Kikubaaqudgha
Makhleb
Nemelex Xobeh
Okawaru
Qazlal
Ru
Sif Muna
Trog
Uskayaw
Vehumet
Wu Jian
Xom
Yredelemnul
Zin
The Shining One

Shops:
D:4 :   D:7 }[(:[   D:9 %   D:11 *

Annotations:
D:4 3 runed translucent doors, epsilon's ghost, novice MfIE; om's ghost, amateur DrCj
D:6 exclusion: 2 yaks
D:11 exclusion: cyclops
D:13 Frances


Innate Abilities, Weirdness & Mutations

You are resistant to torment.
Your stone body is resilient. (AC +8)
You are immune to poison.
You resist negative energy. (rN+)
You are resistant to electric shocks. (rElec)
You can survive without breathing.
You are immune to petrification.
You are immune to rotting.


Message History

Press: ? - help, Shift-Dir - straight line, f/p - Frances
Aim: Frances, wielding a +0 long sword and wearing a +1 leather armour of cold resistance (moderately wounded, fast, chance to defeat MR: 58%)
Okay, then.
Unknown command.
Okay, then.
Unknown command.
Okay, then.
Unknown command.
Okay, then.
You feel yourself speed up.
Frances screams a word of power!
The iron shot hits you!!
* * * LOW HITPOINT WARNING * * *
The wyvern bites you but does no damage.
The smoke demon hits you but does no damage. x2
The smoke demon misses you.
The red devil barely misses your bullfrog zombie.
Frances hits you with a +0 long sword!
You die...
Kikubaaqudgha rasps: "You have failed me!
Welcome... oblivion!"

###############################
#............4.................
#.....###..#.....[..#..##.....#
#..........#Z@@.##..#..##.....#
#....§....4ZZ3l................
#...###........................
#...'.#.................##.....
#.#.#@#........................
#...#.########...##############
#...#..@.l...#.#.#
#...#........#.#.#
#...#.#####+##...# ###


You could see Frances (fast), a smoke demon (summoned), 2 red devils, a wyvern,
a friendly four-headed hydra zombie, a friendly bullfrog zombie and a friendly
troll zombie.

Vanquished Creatures
  A centaur warrior (D:13)
  A hydra (D:11)
  Erica (D:7)
  An unseen horror (D:13)
  2 orc knights (Bailey)
  Pikel (D:7)
  An ugly thing (D:11)
  3 cyclopes
  Psyche (D:8)
  3 trolls
  2 polar bears (IceCv)
  9 slime creatures
  A meliai zombie (D:12)
  A hippogriff (D:12)
  A human (D:7)
  A wraith (D:13)
  14 yaks
  4 hogs
  A hungry ghost (D:10)
  An acid dragon (D:11)
  3 slaves (D:7)
  8 ogres
  7 orc warriors
  3 ice beasts
  A sky beast (D:6)
  5 centaurs
  3 phantoms
  A wolf (IceCv)
  A big kobold (D:10)
  4 bullfrogs
  A wyvern zombie (D:12)
  8 killer bees
  4 scorpions
  11 wights
  4 howler monkeys
  4 crimson imps
  A centaur zombie (D:11)
  3 bullfrog zombies
  2 jellies
  A wyvern simulacrum (D:9)
  5 hounds
  6 orc priests
  4 iguanas
  9 orc wizards
  2 bullfrog skeletons
  A centaur skeleton (D:8)
  13 worker ants
  A hound zombie (D:9)
  A hound skeleton (D:7)
  4 worker ant zombies (D:9)
  4 gnolls (Bailey)
  9 adders
  A howler monkey skeleton (D:4)
  2 adder skeletons (D:6)
  An adder zombie (D:6)
  3 worms
  7 leopard geckos
  65 orcs
  A ball python (D:11)
  4 bats
  6 giant cockroaches
  11 goblins
  9 hobgoblins
  5 jackals
  32 kobolds
  5 quokkas
  5 frilled lizards
  A jackal skeleton (D:5)
  A leopard gecko zombie (D:6)
  A quokka skeleton (D:5)
  3 rats
347 creatures vanquished.

Vanquished Creatures (collateral kills)
  Gastronok (D:7)
  Joseph (D:8)
  A gargoyle (D:10)
  A troll (D:9)
  2 wargs (D:11)
  A slave (D:7)
  An eye of draining (D:8)
  An ogre (D:8)
  2 necrophages
  A wolf (IceCv)
  2 big kobolds
  A killer bee (D:13)
  A wight (D:7)
  A howler monkey (D:8)
  A centaur zombie (D:6)
  2 orc priests
  A gnoll shaman (D:7)
  An orc wizard (D:7)
  A worker ant (D:10)
  2 adders (D:8)
  8 gnolls
  A dart slug (D:1)
  8 orcs
  A bat (D:2)
  A jackal (D:7)
  A quokka (D:6)
  4 kobolds
  A quokka skeleton (D:3)
50 creatures vanquished.

Vanquished Creatures (others)
  A polar bear (IceCv)
  A yak (IceCv)
  2 wolves (IceCv)
  An orc wizard (D:11)
  A withered plant (D:4)
6 creatures vanquished.

Grand Total: 403 creatures vanquished

Notes
Turn   | Place    | Note
-------+----------+-------------------------------------------
     0 | D:1      | Daunt the Gargoyle Necromancer began the quest for the Orb.
     0 | D:1      | Reached XP level 1. HP: 10/10 MP: 3/3
   104 | D:1      | Learned a level 1 spell: Animate Skeleton
   320 | D:1      | Reached XP level 2. HP: 11/16 MP: 0/5
   498 | D:1      | Reached skill level 1 in Fighting
  1153 | D:2      | Reached XP level 3. HP: 15/20 MP: 0/6
  1389 | D:2      | Found a shattered altar of Ashenzari.
  2113 | D:3      | Learned a level 3 spell: Vampiric Draining
  2507 | D:3      | Reached XP level 4. HP: 23/26 MP: 3/7
  3131 | D:3      | Reached XP level 5. HP: 15/32 MP: 2/8
  3481 | D:4      | Noticed an ogre
  3930 | D:4      | Reached XP level 6. HP: 19/38 MP: 1/10
  4100 | D:4      | Noticed a phantom
  4262 | D:4      | Found a runed translucent gate.
  4262 | D:4      | Found a runed translucent gate.
  4262 | D:4      | Found a runed translucent gate.
  4263 | D:4      | Noticed epsilon's ghost (novice MfIE)
  4264 | D:4      | Noticed om's ghost (amateur DrCj)
  4429 | D:4      | Killed a phantom
  4691 | D:4      | Reached skill level 5 in Necromancy
  4691 | D:4      | Reached XP level 7. HP: 38/43 MP: 5/12
  5108 | D:4      | Found Afiloh's Book Shop.
  5408 | D:5      | Entered Level 5 of the Dungeon
  5425 | D:5      | Noticed a two-headed ogre
  6718 | D:6      | Reached XP level 8. HP: 36/48 MP: 14/14
  6790 | D:6      | Found a sparkling altar of Nemelex Xobeh.
  6800 | D:6      | Got a jewelled cloak {*no*}
  6807 | D:6      | Identified the +0 cloak of Broken Taboos {rElec rPois Str+3
                  | SInv, *no*} (You found it on level 6 of the Dungeon)
  6842 | D:6      | Found a staircase to the Ecumenical Temple.
  6851 | Temple   | Entered the Ecumenical Temple
  6925 | Temple   | Became a worshipper of Kikubaaqudgha
  7070 | D:6      | Noticed a yak
  7098 | D:6      | Noticed a yak
  7404 | D:6      | Reached skill level 5 in Stealth
  7410 | D:6      | Learned a level 4 spell: Animate Dead
  7563 | D:7      | Found Runagoall's Book Shoppe.
  7583 | D:7      | Found Pimiag's Weapon Boutique.
  7726 | D:7      | Found a flagged portal.
  7732 | Bailey   | Entered a bailey
  7969 | Bailey   | Noticed an orc knight
  8006 | Bailey   | Reached * piety under Kikubaaqudgha
  8006 | Bailey   | Identified Kikubaaqudgha's Handbook of Black Rituals
                  | (Kikubaaqudgha gifted it to you in a bailey)
  8006 | Bailey   | Received a gift from Kikubaaqudgha
  8018 | Bailey   | Killed an orc knight
  8018 | Bailey   | Reached XP level 9. HP: 30/52 MP: 7/15
  8023 | Bailey   | Learned a level 2 spell: Corpse Rot
  8149 | Bailey   | Noticed an orc knight
  8191 | Bailey   | Killed an orc knight
  8466 | Bailey   | Got a faintly glowing ruby amulet
  8591 | D:7      | Found Nufozea's Gadget Shoppe.
  9252 | D:7      | Found a burning altar of Makhleb.
  9314 | D:7      | Found a shimmering blue altar of Sif Muna.
  9322 | D:7      | Reached XP level 10. HP: 55/56 MP: 12/16
  9652 | D:7      | Noticed Pikel
  9673 | D:7      | Killed Pikel
  9673 | D:7      | Reached skill level 10 in Necromancy
  9821 | D:7      | Found Joffoi's Antique Armour Shoppe.
 10379 | D:7      | Found Dytz's Antique Armour Emporium.
 10418 | D:7      | Found a burning altar of Makhleb.
 10430 | D:7      | Bought a pair of embroidered gloves for 202 gold pieces
 11122 | D:8      | Found a shattered altar of Ashenzari.
 11157 | D:8      | Reached ** piety under Kikubaaqudgha
 11205 | D:8      | Noticed Psyche
 11306 | D:8      | Killed Psyche
 11362 | D:8      | Found an iron altar of Okawaru.
 11417 | D:8      | Noticed Joseph
 11655 | D:8      | Noticed Erica
 11782 | D:8      | Noticed Gastronok
 11799 | D:7      | Killed Erica
 11883 | D:7      | Killed Gastronok
 11883 | D:7      | Reached skill level 5 in Fighting
 11883 | D:7      | Reached skill level 5 in Spellcasting
 11883 | D:7      | Reached XP level 11. HP: 60/64 MP: 11/18
 12093 | D:8      | Killed Joseph
 12267 | D:8      | Learned a level 5 spell: Agony
 12621 | D:9      | Found a staircase to the Orcish Mines.
 12685 | D:9      | Reached *** piety under Kikubaaqudgha
 12685 | D:9      | Identified Kikubaaqudgha's Compendium of Evil Secrets
                  | (Kikubaaqudgha gifted it to you on level 9 of the Dungeon)
 12685 | D:9      | Received a gift from Kikubaaqudgha
 12715 | D:9      | Learned a level 4 spell: Dispel Undead
 12805 | D:9      | Found a shimmering altar of Xom.
 12810 | D:9      | Found a sacrificial altar of Ru.
 13004 | D:9      | Found Qohaudghe's Food Boutique.
 13151 | D:9      | Found a bloodstained altar of Trog.
 13661 | D:9      | Found a radiant altar of Vehumet.
 13811 | D:10     | Entered Level 10 of the Dungeon
 13860 | D:10     | Reached **** piety under Kikubaaqudgha
 14954 | D:11     | Found Cutoywn's Serpentskin Sales.
 14962 | D:11     | Reached ***** piety under Kikubaaqudgha
 15004 | D:11     | Noticed a cyclops
 15086 | D:11     | Noticed a red ugly thing
 15103 | D:11     | Killed a red ugly thing
 15201 | D:11     | Found a frozen archway.
 15217 | IceCv    | Entered an ice cave
 15659 | IceCv    | HP: 3/71 [ice statue] (15)]
 15697 | IceCv    | HP: 2/71 [ice beast[an ice statue] (8)]
 16198 | D:11     | Noticed a cyclops
 16679 | D:11     | Noticed an eight-headed hydra
 16770 | D:11     | Killed a five-headed hydra
 16770 | D:11     | Reached skill level 10 in Fighting
 16770 | D:11     | Reached XP level 12. HP: 65/77 MP: 14/21
 16795 | D:11     | Found a staircase to the Lair.
 19728 | D:13     | Noticed a centaur warrior
 19994 | D:13     | Reached skill level 5 in Evocations
 20090 | D:13     | Killed a centaur warrior
 20214 | D:13     | Noticed Frances
 20237 | D:13     | Slain by Frances

Illustrated notes

Levels and vault maps discovered:
D:1:      beargit_arrival_greenhouse, layout_basic, hangedman_decor_growths
D:2:      layout_loops_corners, ashenzari_conservatory_becter
D:3:      layout_loops_ring
D:4:      layout_basic, gammafunk_ghost_cemetery, first_ration, serial_shops,
          shop_fountains
D:5:      layout_gridville, nicolae_overflow_hidden_temple
D:6:      wander_river, layout_gridville, overflow_temple_1_default,
          minmay_temple_entry_mist
D:7:      layout_layer_cave, old_standard_altar, lightli_temple_of_fire,
          enter_bailey_2, serial_shops, shop, nicolae_shop_stone, shop,
          nicolae_shop_stone, shop, grunt_livestock,
          makhleb_blood_cavern_becter, uniq_pikel
D:8:      layout_loops_cross, okawaru_ov_weapons_minmay, basic_altar,
          uniq_gastronok, uniq_erica, uniq_psyche, uniq_joseph
D:9:      layout_loops_ring, bloody_trog, lemuel_coloured_pillars_altar,
          minitemple, hiddenorc2_lemuel, serial_shops, shop,
          hangedman_weighted_door
D:10:     layout_irregular_city
D:11:     layout_gridville, erik_lair_orcish_takeover,
          portal_ice_cave_entry_pillars_1, guppyfry_shop_venom
D:12:     layout_roguey, kennysheep_generic_room_13
D:13:     layout_stronghold, uniq_frances
Temple:   minmay_temple_bridge_abc

Skill      XL: |  1  2  3  4  5  6  7  8  9 10 11 12 |
---------------+-------------------------------------+-----
Fighting       | 1 2 3 4 5 10 11 | 11.6
Stealth        | 3 6 7 8 |  8.0
Necromancy     | 4 5 6 7 9 11 | 11.3
Spellcasting   | 3 4 5 6 |  6.8
Evocations     | 2 4 5 |  5.2
Dodging        | 2 4 |  4.0

Action                   |  1- 3 |  4- 6 |  7- 9 | 10-12 || total
-------------------------+-------+-------+-------+-------++-------
Melee: Dagger            |    12 |     7 |       |       ||    19
       Hand axe          |       |    16 |    64 |   446 ||   526
       Scimitar          |       |       |       |    33 ||    33
       Mace              |       |       |       |    59 ||    59
 Fire: Hunting sling     |       |       |       |   117 ||   117
Throw: Dart              |    49 |    23 |    47 |    17 ||   136
       Stone             |       |     4 |       |       ||     4
       Boomerang         |       |    22 |    46 |    20 ||    88
 Cast: Pain              |    66 |    89 |   188 |   176 ||   519
       Animate Skeleton  |    20 |     7 |    16 |    20 ||    63
       Vampiric Draining |       |       |     9 |    44 ||    53
       Animate Dead      |       |       |     5 |    48 ||    53
       Corpse Rot        |       |       |     3 |     5 ||     8
       Dispel Undead     |       |       |       |    10 ||    10
       Agony             |       |       |       |    13 ||    13
Invok: Receive Corpses   |       |       |     3 |    12 ||    15
  Use: Scroll            |     5 |       |    10 |    10 ||    25
       Potion            |       |       |     1 |     3 ||     4
 Stab: Distracted        |       |       |     1 |     4 ||     5
       Sleeping          |       |       |       |     5 ||     5
  Eat: Chunk             |     6 |     6 |    12 |    30 ||    54
       Ration            |       |     1 |     1 |     6 ||     8
Armor: Robe              |     7 |    18 |    57 |   360 ||   442
Dodge: Dodged            |    22 |    29 |    93 |   473 ||   617
       Rpst.: Scimitar   |       |       |       |     3 ||     3
